 Dungeon Crawl Stone Soup version 0.29.1-1-gd02db6906a (webtiles) character file.

Game seed: 3263700753444292189

299 Chimkentus the Conjurer (level 6, -1/27 HPs)
             Began as a Felid Conjurer on Oct 17, 2022.
             Slain by an iguana (11 damage)
             ... on level 4 of the Dungeon.
             The game lasted 00:23:00 (5472 turns).

Chimkentus the Conjurer (Felid Conjurer)            Turns: 5472, Time: 00:23:01

Health: -1/27      AC:  2    Str:  3    XL:     6   Next: 13%
Magic:  2/13       EV: 17    Int: 22    God:
Gold:   154        SH:  0    Dex: 14    Spells: 4/13 levels left
                                        Lives:  0   Deaths: 1

rFire   . . .      SeeInvis +   (weapon unavailable)
rCold   . . .      Faith    .   (shield unavailable)
rNeg    . . .      Spirit   .   (body armour unavailable)
rPois   .          Reflect  .   (helmet unavailable)
rElec   .          Harm     .   (cloak unavailable)
rCorr   .          Rampage  .   (gloves unavailable)
Will    .....                   (boots unavailable)
Stlth   ++........              (no amulet)
HPRegen 0.09/turn               (no ring)
MPRegen 0.13/turn               (no ring)

@: quick
A: very small, claws 1, fangs 3, see invisible, speed 1, shaggy fur 2, stealthy
paws, no weapons or thrown items, no armour, multi-lived
a: no special abilities


You were on level 4 of the Dungeon.
You visited 1 branch of the dungeon, and saw 4 of its levels.

You collected 154 gold pieces.

Inventory:

Scrolls
 b - a scroll of magic mapping
 c - a scroll of summoning {unknown}
 d - a scroll of butterflies {unknown}
 e - a scroll of fear {unknown}
 f - 3 scrolls of immolation {unknown}
 k - a scroll of enchant weapon {unknown}
 m - a scroll of noise {unknown}
 n - 2 scrolls of teleportation {unknown}
 o - 2 scrolls of blinking {unknown}
 q - a scroll of vulnerability {unknown}
Potions
 a - a potion of curing
 g - a potion of mutation {unknown}
 h - 2 potions of brilliance
 i - a potion of ambrosia {unknown}
 l - a potion of resistance {unknown}
 p - a potion of heal wounds {unknown}


   Skills:
 * Level 2.4 Fighting
 + Level 2.9 Dodging
 + Level 3.3 Stealth
 + Level 0.4 Unarmed Combat
 * Level 4.2 Spellcasting
 + Level 4.6 Conjurations
 * Level 2.7 Hexes


You had 4 spell levels left.
You knew the following spells:

 Your Spells              Type           Power      Damage    Failure   Level
a - Searing Ray           Conj           48%        2d6       2%          2
b - Dazzling Flash        Conj/Hex       40%        N/A       8%          3
c - Fulminant Prism       Conj/Hex       10%        3d9       24%         4

Your spell library contained the following spells:

 Spells                   Type           Power      Damage    Failure   Level
 Magic Dart               Conj           96%        1d7       1%          1
 Iskenderun's Mystic Bla  Conj/Tloc      14%        2d5       38%         4


Dungeon Overview and Level Annotations

Branches:
Dungeon (4/15)
 Temple: D:4-7

Altars:
Wu Jian

Shops:
D:3 (

Annotations:
D:4 Blork the orc, Pikel, Sigmund


Innate Abilities, Weirdness & Mutations

You have sharp claws.
You have razor-sharp teeth.
You have supernaturally acute eyesight. (SInv)
You cover ground quickly. (Speed+)
You are covered in thick fur. (AC +2)
Your paws help you pounce on unaware monsters.
You are incapable of wielding weapons or throwing items.
You cannot wear armour.
You gain extra lives every three experience levels.


Message History

Aiming: Searing Ray (safe; 2% risk of failure)
Press: ? - help, Shift-Dir - straight line, f - iguana
Aim: an iguana (82% to hit)
The searing ray hits the iguana.
The iguana is lightly wounded. (Press . to maintain the ray.)
The searing ray hits the iguana.
The iguana is moderately wounded.
The searing ray hits the iguana but does no damage.
The iguana is moderately wounded.
The searing ray hits the iguana.
The iguana is heavily wounded.
You finish channelling your searing ray.
The iguana closely misses you.
Casting: Searing Ray (safe; 2% risk of failure)
Confirm with . or Enter, or press ? or * to list all spells.
Aiming: Searing Ray (safe; 2% risk of failure)
Press: ? - help, Shift-Dir - straight line, f/p - iguana
Aim: an iguana (heavily wounded, 82% to hit)
The searing ray hits the iguana.
The iguana is severely wounded. (Press . to maintain the ray.)
The iguana misses you.
The searing ray hits the iguana.
The iguana is almost dead.
The iguana bites you!
The searing ray misses the iguana.
The iguana bites you.
The searing ray misses the iguana.
You finish channelling your searing ray.
The iguana misses you.
Casting: Searing Ray (safe; 2% risk of failure)
Confirm with . or Enter, or press ? or * to list all spells.
Aiming: Searing Ray (safe; 2% risk of failure)
Press: ? - help, Shift-Dir - straight line, f/p - iguana
Aim: an iguana (almost dead, 82% to hit)
The searing ray hits the iguana.
The iguana is almost dead. (Press . to maintain the ray.)
The iguana bites you!
You die...

#.# #.# #<# #######.#
### #.......# #)########
#########.##.....#
#.o.....#.##.....#
#.#####.#.)......#
#.#####.###......#
#.........@l[....#
#####.....#.†....#
#.#.#.#......#
#...#.######'#####
######...#.##l........#
#......<....#.8..8..8.#
.#####.##..#.........#
#.######....##w##'##'##
#..
###....>....#.###..#..##
#..


You could see an iguana.

Vanquished Creatures
  2 lemures (D:4)
  A scorpion (D:4)
  2 hounds (D:4)
  An orc priest (D:4)
  An iguana (D:4)
  2 orc wizards (D:3)
  An adder (D:2)
  A worm (D:2)
  2 dart slugs
  13 orcs
  8 endoplasms
  A giant cockroach (D:4)
  9 goblins
  5 hobgoblins
  4 jackals
  5 kobolds
  9 quokkas
  11 ball pythons
  9 bats
  4 frilled lizards
  22 rats
113 creatures vanquished.

Vanquished Creatures (others)
  5 toadstools (D:1)
5 creatures vanquished.

Grand Total: 118 creatures vanquished

Notes
Turn   | Place    | Note
-------+----------+-------------------------------------------
     0 | D:1      | Chimkentus the Felid Conjurer began the quest for the Orb.
     0 | D:1      | Reached XP level 1. HP: 7/7 MP: 4/4
   397 | D:1      | Reached XP level 2. HP: 12/12 MP: 4/6
   655 | D:1      | Reached skill level 1 in Fighting
   879 | D:1      | Found a faded altar of an unknown god.
   941 | D:1      | Reached XP level 3. HP: 15/15 MP: 3/7
  1383 | D:2      | Learned a level 3 spell: Dazzling Flash
  2554 | D:3      | Found Keelegep's Weapon Shoppe.
  2630 | D:3      | Reached XP level 4. HP: 19/19 MP: 4/8
  2720 | D:3      | Found an ornate altar of the Wu Jian Council.
  2743 | D:3      | Reached skill level 1 in Hexes
  3302 | D:3      | Learned a level 4 spell: Fulminant Prism
  3417 | D:3      | Killed by miscasting Fulminant Prism
  3418 | D:3      | Reached XP level 3. HP: -3/15 MP: 6/8
  3505 | D:3      | Reached XP level 4. HP: 3/19 MP: 3/9
  4002 | D:4      | Noticed Blork the orc
  4020 | D:4      | Noticed Sigmund
  4384 | D:4      | Learned a level 2 spell: Searing Ray
  4604 | D:4      | Noticed a scorpion
  4613 | D:4      | Killed a scorpion
  4614 | D:4      | Reached XP level 5. HP: 22/22 MP: 3/11
  5224 | D:4      | Noticed a lemure
  5226 | D:4      | Noticed a lemure
  5227 | D:4      | Noticed a lemure
  5228 | D:4      | Noticed a lemure
  5229 | D:4      | Gained mutation: You are covered in thick fur. (AC +2)
                  | [Felid growth]
  5229 | D:4      | Reached XP level 6. HP: 24/27 MP: 7/13
  5286 | D:4      | Noticed Pikel
  5472 | D:4      | Slain by an iguana

Illustrated notes

Levels and vault maps discovered:
D:1:      ldierk_walled_garden, layout_basic, basic_ecumenical_altar,
          glass_columns_a
D:2:      layout_basic, hangedman_decor_points
D:3:      layout_rooms, nicolae_wu_jian_wuxing_cycle, serial_shops,
          nicolae_shop_stone
D:4:      minmay_chambers_of_threes, layout_basic, minmay_rat_hole,
          uniq_grinder, uniq_sigmund, uniq_pikel, uniq_blork_the_orc

Skill      XL: |  1  2  3  4  5 |
---------------+----------------+-----
Conjurations   | 4 |  4.6
Fighting       | 1 2 |  2.4
Stealth        | 3 |  3.3
Hexes          | 1 2 |  2.7
Spellcasting   | 3 4 |  4.2
Dodging        | |  2.9
Unarmed Combat | |  0.4

Action                   |  1- 3 |  4- 6 || total
-------------------------+-------+-------++-------
Melee: Unarmed           |     6 |       ||     6
       Bite              |     1 |       ||     1
 Cast: Magic Dart        |   101 |    69 ||   170
       Dazzling Flash    |     2 |       ||     2
       Searing Ray       |       |    27 ||    27
  Use: Potion            |     2 |     4 ||     6
       Scroll            |     2 |     1 ||     3
 Stab: Sleeping          |     2 |       ||     2
Dodge: Dodged            |    14 |    21 ||    35
